 Dungeon Crawl Stone Soup version 0.30.0-5-g1a98f26d00 (console) character file.

Game seed: 13112292524638608181

584039 jejorda2 the Slayer (level 27, -1/162 HPs)
             Began as a Vine Stalker Berserker on May 8, 2023.
             Was the Champion of Trog.
             Killed from afar by a Killer Klown (19 damage)
             ... with a klown pie
             ... on level 5 of the Realm of Zot on May 9, 2023.
             The game lasted 05:21:09 (67258 turns).

jejorda2 the Slayer (Vine Stalker Berserker)       Turns: 67258, Time: 05:21:11

Health: -1/162     AC: 43    Str: 40    XL:     27
Magic:  0/24       EV: 19    Int:  6    God:    Trog [******]
Gold:   1097       SH: 25    Dex: 21    Spells: 26/26 levels left

rFire   + . .        b - +9 quick blade (freeze)
rCold   + . .        E - +2 tower shield of Depression {rCorr}
rNeg    + . .        D - +7 gold dragon scales
rPois   +            T - +3 hat of Ackunk {rElec Str+4}
rElec   +            k - +2 cloak {Will+}
rCorr   +            d - +2 pair of gloves {hurl}
SInv    +            j - +2 pair of slick slippers {slick, slippery, EV+4}
Will    +++++        I - amulet of faith Stlth
                     v - ring "Feibean" {Contam rN+ Str+6 SInv}
HPRegen 2.27/turn    e - ring of the Black Skies {Fly Slay+3}
MPRegen 0.19/turn

%: clarity, guardian spirit, faith
@: about to teleport, marked, strong-willed, flying, regenerating, slowed,
studying 3 skills, unable to read, unable to drink, very slow
A: fangs 3, regeneration 1, magic shield, antimagic bite, no potion heal 2,
agile 1, clarity, shaggy fur 1, teleportitis 1, inability to read after injury 1
}: 3/15 runes: barnacled, silver, gossamer
a: Renounce Religion, Berserk, Trog's Hand, Brothers in Arms


You were on level 5 of the Realm of Zot.
You worshipped Trog.
Trog was exalted by your worship.
You visited 9 branches of the dungeon, and saw 47 of its levels.
You visited 2 bazaars.
You also visited: Trove, Bailey, Gauntlet, Ice Cave and Desolation.

You collected 6987 gold pieces.
You spent 5890 gold pieces at shops.

Inventory:

Hand Weapons
 a - a +9 quick blade of electrocution
 b - a +9 quick blade of freezing (weapon)
Missiles
 g - 4 throwing nets
 i - 15 atropa-tipped darts
 x - 26 large rocks
 z - 30 boomerangs
 N - 3 curare-tipped darts
 P - 16 javelins
 S - 13 silver javelins (quivered)
 V - 9 datura-tipped darts
 Y - 6 silver boomerangs
Armour
 d - a +2 pair of gloves of hurling (worn)
 j - the +2 pair of slick slippers (worn) {slick, slippery, EV+4}
   (You bought it in a shop in a bazaar)

   Slick:     Its wearer cannot be constricted, engulfed, netted or webbed.
   Slippery:  Its wearer slips away from damaging melee attacks, pulling the
   attacker onward.
   EV:        It affects your evasion (+4).
 k - a +2 cloak of willpower (worn)
 D - +7 gold dragon scales (worn)
 E - the +2 tower shield of Depression (worn) {rCorr}
   (You found it in a bailey)

   rCorr:     It protects you from acid and corrosion.
 T - the +3 hat of Ackunk (worn) {rElec Str+4}
   (You found it on level 14 of the Dungeon)

   Str:       It affects your strength (+4).
   rElec:     It insulates you from electricity.
Jewellery
 e - the ring of the Black Skies (right hand) {Fly Slay+3}
   (You found it in a treasure trove)

   [ring of flight]

   Slay:      It affects your accuracy & damage with ranged weapons and melee
   (+3).
   Fly:       It grants you flight.
 v - the ring "Feibean" (left hand) {Contam rN+ Str+6 SInv}
   (You took it off a deep elf death mage on level 3 of the Elven Halls)

   [ring of strength]

   Str:       It affects your strength (+6).
   rN:        It protects you from negative energy.
   SInv:      It lets you see invisible.
   Contam:    It causes magical contamination when unequipped.
 F - the ring "Ocsum" {rF+ rCorr Slay+2}
   (You found it in a treasure trove)

   [ring of protection from fire]

   Slay:      It affects your accuracy & damage with ranged weapons and melee
   (+2).
   rF:        It protects you from fire.
   rCorr:     It protects you from acid and corrosion.
 I - an amulet of faith (around neck)
Wands
 f - a wand of paralysis (52)
 o - a wand of flame (123)
 r - a wand of mindburst (39)
 u - a wand of polymorph (25)
 w - a wand of digging (18)
 C - a wand of roots (49)
 G - a wand of light (26)
Scrolls
 c - 2 scrolls of fear
 l - 7 scrolls of blinking
 y - 10 scrolls of poison
 J - 8 scrolls of silence
 L - 3 scrolls of summoning
 M - 21 scrolls of teleportation
 O - 5 scrolls of fog
 X - 10 scrolls of immolation
Potions
 m - 8 potions of might
 n - 10 potions of ambrosia
 p - 4 potions of haste
 q - 3 potions of cancellation
 s - 25 potions of curing
 t - 3 potions of resistance
 A - 8 potions of mutation
 B - 7 potions of magic
 Q - 3 potions of invisibility
 R - 10 potions of flight
 Z - 7 potions of attraction
Miscellaneous
 h - a phial of floods
 U - a lightning rod (4/4)
 W - a condenser vane


   Skills:
 + Level 22.3 Fighting
 - Level 10.0 Short Blades
 - Level 16.0 Throwing
 - Level 20.0 Armour
 - Level 12.0 Dodging
 - Level 6.0 Stealth
 - Level 20.0 Shields
 + Level 11.6 Evocations


You had 26 spell levels left.
You didn't know any spells.
Your spell library was empty.

Dungeon Overview and Level Annotations

Branches:
Dungeon (15/15)            Temple (0/1) D:4            Lair (5/5) D:10
 Shoals (4/4) Lair:3       Spider (4/4) Lair:3        Slime (0/5) Lair:4
    Orc (2/2) D:10            Elf (3/3) Orc:2        Vaults (5/5) D:13
  Crypt (0/3) Vaults:3     Depths (4/4) D:15            Zot (5/5) Depths:4
 Bailey (visited)           IceCv (visited)         Desolation (visited)
Gauntlet (visited)

Altars:
Dithmenos
Fedhas
Gozag
Kikubaaqudgha
Qazlal
Sif Muna
Trog
Uskayaw
Vehumet
Wu Jian
Xom
Yredelemnul
Zin

Shops:
D:8 (   D:10 *   Orc:2 :[*[=*(   Elf:1 !   Elf:3 ?   Shoals:2 [   Shoals:3 (*[*
Shoals:4 *   Vaults:2 ((:   Vaults:3 ((   Vaults:5 ?   Depths:4 *:

Portals:
Hell: Depths:1 Depths:2 Depths:3 Depths:4
Abyss: Depths:2 Depths:3 Depths:4
Pandemonium: Depths:2
Ziggurat: Depths:1

Annotations:
D:4 1 runed translucent door, Valagong's ghost, amateur MiFi
Zot:4 3 runed translucent doors, exclusion: 3 doors, Cyqimiab's ghost, legendary MfGl


Innate Abilities, Weirdness & Mutations

You have razor-sharp teeth.
Your natural rate of healing is unusually fast.
When hurt, damage is shared between your health and your magic reserves.
Your bite disrupts and absorbs the magic of your enemies.
Potions cannot restore your health.
You are agile. (Dex +4, Str/Int -1)
You possess an exceptional clarity of mind.
You are covered in fur. (AC +1)
You are occasionally teleported next to monsters.
You occasionally lose the ability to read scrolls when taking damage.


Message History

The death cob hits you!
* * * LOW HITPOINT WARNING * * *
The death cob drains your vigour!
You feel yourself slow down.
An Orb Guardian comes into view.
The Orb Guardian misses you.
Throw: 14 javelins (silver)
Press: ? - help, Q - select action, (/) - cycle Shift-Dir - straight line, f/p - orb of fire
Aim: an orb of fire (blue smoke, heavily damaged, magic disrupted, 61% to hit, chaotic)
You throw a silver javelin.
The silver javelin misses the orb of fire.
The silver javelin misses the death cob.
Trog accepts your kill.
You feel a bit more experienced.
You feel strangely unstable.
You are yanked towards some nearby monsters!
Your surroundings suddenly seem different.
A dread lich, 2 Orb Guardians and 2 orbs of fire come into view.
Found a potion of mutation and 25 gold pieces.
The orb of fire glows yellow.
Strange energies course through your body.
You occasionally lose the ability to read scrolls when taking damage.
An orb of fire comes into view.
An Orb Guardian comes into view. x3
A golden dragon comes into view.
A Killer Klown comes into view. It is wielding a +9 club of flaming.
An Orb Guardian comes into view.
Okay, then.
Unknown command.
Unknown command.
Throw: 13 javelins (silver)
Press: ? - help, Q - select action, (/) - cycle Shift-Dir - straight line, f - Orb Guardian
Aim: an Orb Guardian (74% to hit)
Okay, then.
Unknown command.
As you read the scroll of fog, it crumbles to dust.
The scroll dissolves into smoke.
An Orb Guardian comes into view. x2
The Killer Klown pies you viciously! The klown pie hits you!!
Lemon!
You feel unable to drink.
You feel threatened and lose the ability to read scrolls!
You die...

*#######*******
####.......,,^,,,***
###...!......,,,,,,,,,
##............,,,,,,,^, *********
#......§......,,,,,,,^,
*,^^,,,,**#...§§§§......,,,^,,,,,
,,,,,,,^,*#.^.§§@§......,,,,,,,,,
,,,,,,,,,,#....§§§......,,,,,,,,,
,,,,,,,,,.L..*X§§.§.....,,,,,,,,*
,,,,,,,,,.#.............,,,,,,,,,
,,,,,,,,,*#....................,,
*,,,,,,,**#............$.......,,
********* #....*..X..X.........,,
##......DXp.XX.......,,
***,,,,,,,,,,.......,,


You could see an orb of fire, a Killer Klown, a golden dragon, a dread lich and
5 Orb Guardians.

Vanquished Creatures
  An ancient lich (Zot:5)
  2 dread liches (Vaults:5)
  An orb of fire (Zot:5)
  Mara (Elf:3)
  2 juggernauts
  Vv (Zot:2)
  Parghit (Depths:3)
  Saint Roka (Depths:4)
  2 curse toes
  A caustic shrike (Depths:2)
  The ghost of Dataggej the Executioner, an adept MiBe of Trog (Elf:2)
  10 golden dragons
  A bone dragon (Depths:4)
  Rupert (D:15)
  An electric golem (Zot:2)
  18 tentacled monstrosities
  Asterion (Elf:1)
  A walking crystal tome (Depths:2)
  Mlioglotl (Spider:1)
  A walking earthen tome (Depths:4)
  5 Orb Guardians (Zot:5)
  A titan (Vaults:5)
  Jorgrun (D:14)
  6 deep elf blademasters
  5 quicksilver dragons
  2 deep elf master archers (Elf:3)
  3 liches
  A walking divine tome (Depths:2)
  6 death cobs
  A kraken (Shoals:2)
  12 shadow dragons
  3 sphinxes
  10 storm dragons
  7 tengu reavers
  Donald (Spider:4)
  Ilsuiw (Shoals:2)
  Kirke (D:12)
  Agnes (D:15)
  4 draconian monks
  9 draconian knights
  Roxanne (D:15)
  10 fire giants
  A frost giant (shapeshifter) (D:13)
  15 frost giants
  5 deep elf sorcerers
  6 draconian scorchers
  The ghost of squishfish the Brawler, a journeyman TrMo of Makhleb (D:12)
  2 draconian shifters
  2 iron dragons
  3 emperor scorpions
  14 vault wardens
  An imperial myrmidon (Desolation)
  A spectral juggernaut (Depths:3)
  Aizul (Vaults:2)
  2 draconian annihilators (Depths:4)
  3 orc warlords
  11 ghost moths
  17 ironbound preservers
  9 draconian stormcallers
  18 very ugly things
  16 stone giants
  5 deep elf elementalists
  2 juggernaut skeletons (Depths:1)
  A reaper (IceCv)
  6 ironbound thunderhulks
  4 broodmothers
  2 war gargoyles
  5 purple draconians
  5 green draconians
  5 deep elf demonologists
  6 black draconians
  2 vampire knights (Depths:3)
  5 deep elf annihilators
  12 dire elephants
  2 halazid warlocks (Desolation)
  7 red draconians
  6 spark wasps
  3 yellow draconians
  5 white draconians
  A minotaur (Gauntlet)
  Snorg (D:10)
  14 ettins
  An ettin (shapeshifter) (Vaults:1)
  7 merfolk javelineers
  2 jiangshi (Depths:1)
  10 deep elf death magi
  6 ragged hierophants (Desolation)
  4 crystal guardians
  3 fire dragons
  4 merfolk impalers
  15 yaktaur captains
  5 deep elf high priests
  9 great orbs of eyes
  31 vault guards
  7 entropy weavers
  8 ice dragons
  A hell beast (Depths:3)
  2 rakshasas
  9 servants of whispers (Desolation)
  13 peacekeepers
  7 hydras
  7 ironbound frosthearts
  A jorogumo (shapeshifter) (Vaults:5)
  A death knight (D:14)
  3 catoblepae
  7 merfolk aquamancers
  2 jorogumos
  2 ogre magi
  7 two-headed ogres
  4 radroaches
  23 centaur warriors
  3 merfolk avatars
  Erica (D:8)
  4 spriggan air magi
  A satyr (shapeshifter) (Vaults:5)
  31 dancing weapons
  5 death yaks (Lair:5)
  3 satyrs
  5 alligator snapping turtles
  7 tengu warriors
  8 boulder beetles
  3 deep troll shamans
  3 vampire magi (Depths:1)
  11 deep troll earth magi
  A hell hog (Depths:3)
  An orc high priest (Orc:2)
  4 spriggan berserkers
  Sonja (Lair:2)
  17 deep elf knights
  3 soul eaters
  Nergalle (Orc:2)
  4 skysharks
  2 wretched stars (Gauntlet)
  A hell knight (Vaults:5)
  11 iron trolls
  3 sun moths
  2 glowing orange brains (Vaults:4)
  4 pharaoh ants
  2 salamander mystics (Depths:3)
  12 orb spiders
  11 sea snakes
  52 deep trolls
  4 flayed ghosts
  12 wizards
  6 steelbarb worms
  22 ironbound convokers
  2 orange crystal statues
  8 deep elf archers
  A lindwurm (shapeshifter) (Vaults:5)
  3 phantasmal warriors
  13 orc knights
  8 lindwurms
  5 necromancers
  29 harpies
  26 deep elf zephyrmancers
  21 ugly things
  34 deep elf pyromancers
  2 orc sorcerers
  24 wolf spiders
  2 shining eyes (Depths:1)
  8 cyclopes
  15 manticores
  A moth of wrath (shapeshifter) (Vaults:5)
  A salamander (shapeshifter) (D:7)
  7 salamanders
  A guardian serpent (Desolation)
  15 fauns
  34 moths of wrath
  A human zombie (Vaults:5)
  13 merfolk sirens
  6 elephants (Lair:4)
  Joseph (D:8)
  6 demonic crawlers
  24 vault sentinels
  Maurice (Orc:2)
  12 water nymphs
  A frost giant skeleton (Depths:1)
  7 torpor snails
  2 cane toads (shapeshifter)
  2 black mambas
  A smoke demon (Depths:3)
  3 ice statues
  5 cane toads
  3 gargoyles
  An eye of devastation (Depths:1)
  4 rime drakes
  9 komodo dragons
  5 freezing wraiths
  A tormentor (Depths:2)
  5 tengu conjurers
  7 ice devils (IceCv)
  Maggie (D:8)
  35 yaktaurs
  A red devil (Depths:2)
  2 efreet
  A queen bee (shapeshifter) (Depths:2)
  8 trolls
  3 polar bears
  12 hornets
  10 meliai
  27 merfolk
  2 hellwings (Depths:2)
  3 wind drakes
  A merfolk (shapeshifter) (Depths:2)
  25 tarantellas
  9 dream sheep
  15 blink frogs
  50 saltlings (Desolation)
  An ettin zombie (Vaults:1)
  12 snapping turtles
  3 centaur simulacra (D:12)
  26 jumping spiders
  An air elemental (Elf:3)
  23 culicivoras
  7 wraiths
  A dire elephant simulacrum (IceCv)
  16 spriggans
  5 wyverns
  25 slime creatures
  43 yaks
  4 shadows
  3 fire bats (D:9)
  A vampire (D:12)
  19 water elementals
  17 humans (D:13)
  A human (shapeshifter) (D:15)
  3 basilisks
  2 death yak simulacra (IceCv)
  A steam dragon (D:10)
  4 fire elementals
  2 hogs (D:12)
  A chaos spawn (Depths:2)
  7 wargs
  51 redbacks
  9 vampire mosquitoes
  3 small abominations (Gauntlet)
  5 neqoxecs
  A harpy simulacrum (IceCv)
  An acid dragon (D:12)
  A tengu zombie (Depths:1)
  Duvessa (D:4)
  11 water moccasins
  A hydra simulacrum (IceCv)
  2 sky beasts (D:7)
  A swamp drake (D:10)
  A floating eye (Depths:1)
  2 ice beasts
  36 orc warriors
  A meliai simulacrum (D:15)
  6 black bears
  10 centaurs
  19 boggarts
  23 wolves
  3 ogres
  3 human skeletons
  A phantom (D:5)
  A kobold brigand (D:9)
  9 bullfrogs
  4 earth elementals
  A scorpion (D:5)
  4 gnoll sergeants
  2 two-headed ogre simulacra (IceCv)
  A wight (D:7)
  Dowan (D:4)
  2 elephant simulacra (IceCv)
  A hornet simulacrum (D:15)
  13 killer bees
  5 electric eels
  4 howler monkeys
  3 quasits (D:12)
  4 hounds
  2 jellies
  2 gnoll boudas
  22 orc priests
  A sleepcap (D:8)
  Jessica (D:2)
  Ijyb (D:4)
  22 orc wizards
  Natasha (thrice) (D:2)
  2 troll simulacra (IceCv)
  A polar bear simulacrum (IceCv)
  A wolf simulacrum (IceCv)
  A boggart simulacrum (D:14)
  15 gnolls
  9 adders
  5 naga simulacra (IceCv)
  4 shadow imps
  6 white imps
  3 ufetubi
  3 worms
  A dart slug (D:4)
  77 orcs
  6 ball pythons
  8 endoplasms
  3 giant cockroaches
  15 goblins
  9 hobgoblins
  15 kobolds
  4 quokkas
  19 bats
  5 frilled lizards
  8 rats
  2 tentacles (Shoals:2)
2165 creatures vanquished.

Vanquished Creatures (collateral kills)
  Bai Suzhen (Shoals:2)
  A frost giant (D:11)
  A very ugly thing (Depths:2)
  A stone giant (D:11)
  A vault guard (Vaults:5)
  2 two-headed ogres
  2 spriggans (Lair:5)
  A golden dragon skeleton (Vaults:5)
  2 sphinx zombies (Vaults:5)
  An orc knight (Bailey)
  3 harpies (Vaults:5)
  A manticore (D:11)
  A cyclops (D:11)
  A vault sentinel (Vaults:5)
  A rime drake (Lair:5)
  2 yaktaurs (Vaults:5)
  3 trolls (D:11)
  A polar bear (Lair:5)
  2 hornets (Lair:5)
  A shadow (D:11)
  A warg (Orc:2)
  4 wolves
  A centaur (D:11)
  A gnoll sergeant (D:11)
  An electric eel (D:12)
  An orc wizard (D:11)
  2 orcs
40 creatures vanquished.

Vanquished Creatures (others)
  A deep elf pyromancer (Elf:3)
  A deep elf zephyrmancer (Elf:2)
  A wizard (Vaults:3)
  A harpy (Shoals:4)
  A merfolk (Shoals:4)
  2 humans (D:12)
  An orc warrior (Orc:1)
  2 orc wizards
  2 starspawn tentacles (Spider:1)
  6 tentacles (Shoals:2)
18 creatures vanquished.

Grand Total: 2223 creatures vanquished

Notes
Turn   | Place    | Note
-------+----------+-------------------------------------------
     0 | D:1      | jejorda2 the Vine Stalker Berserker began the quest for the
                  | Orb.
     0 | D:1      | Reached XP level 1. HP: 11/11 MP: 2/2
   364 | D:1      | Reached XP level 2. HP: 16/16 MP: 0/3
   765 | D:1      | Reached XP level 3. HP: 9/19 MP: 4/4
  1262 | D:2      | Gained mutation: Your natural rate of healing is unusually
                  | fast. [Vine Stalker growth]
  1262 | D:2      | Reached XP level 4. HP: 23/23 MP: 5/5
  1272 | D:2      | Noticed Jessica
  1276 | D:2      | Killed Jessica
  1537 | D:2      | Noticed Natasha
  1543 | D:2      | Killed Natasha
  1544 | D:2      | Reached skill level 5 in Short Blades
  1544 | D:2      | Reached XP level 5. HP: 27/27 MP: 3/6
  2094 | D:2      | Noticed Natasha
  2102 | D:2      | Killed Natasha
  2492 | D:2      | Noticed Natasha
  2497 | D:2      | Killed Natasha
  2572 | D:3      | Reached ** piety under Trog
  2798 | D:3      | Reached XP level 6. HP: 32/32 MP: 7/7
  2842 | D:3      | Identified the +3 trident of Extermination {protect, rElec
                  | Dex+2}
  3355 | D:4      | Reached skill level 3 in Fighting
  3418 | D:4      | Noticed Dowan
  3419 | D:4      | Noticed Duvessa
  3427 | D:4      | Killed Duvessa
  3437 | D:4      | Killed Dowan
  3438 | D:4      | Reached XP level 7. HP: 36/36 MP: 6/8
  3479 | D:4      | Found a runed translucent door.
  3479 | D:4      | Noticed Valagong's ghost (amateur MiFi)
  3670 | D:4      | Found a staircase to the Ecumenical Temple.
  3862 | D:4      | Noticed Ijyb
  3870 | D:4      | Killed Ijyb
  4219 | D:5      | Entered Level 5 of the Dungeon
  4295 | D:5      | Reached skill level 4 in Fighting
  4708 | D:5      | Identified the +2 whip "Lutets" {protect, Will+}
  4734 | D:5      | Gained mutation: You have razor-sharp teeth. [Vine Stalker
                  | growth]
  4734 | D:5      | Reached XP level 8. HP: 42/42 MP: 9/9
  4835 | D:5      | Found a shimmering blue altar of Sif Muna.
  5295 | D:6      | Reached *** piety under Trog
  5383 | D:6      | Reached skill level 5 in Fighting
  5478 | D:6      | Identified a scroll of acquirement
  5478 | D:6      | Acquired the ring of Tulips {Contam rElec rF+ Str+7 Int+2}
  5654 | D:7      | Noticed a wyvern
  5658 | D:7      | Killed a wyvern
  5852 | D:7      | Reached XP level 9. HP: 48/48 MP: 10/10
  5960 | D:7      | Reached skill level 6 in Fighting
  6085 | D:7      | Found a stormy altar of Qazlal.
  6254 | D:8      | Noticed Erica
  6358 | D:8      | Killed Erica
  6359 | D:8      | Reached skill level 7 in Fighting
  6359 | D:8      | Reached skill level 10 in Short Blades
  6477 | D:7      | Reached skill level 1 in Shields
  6540 | D:7      | Noticed a freezing wraith
  6555 | D:7      | Killed a freezing wraith
  6556 | D:7      | Reached XP level 10. HP: 51/56 MP: 11/11
  6573 | D:7      | Noticed a centaur warrior
  6595 | D:7      | Killed a centaur warrior
  6645 | D:7      | Reached skill level 8 in Fighting
  6649 | D:7      | Noticed a cyclops
  6789 | D:7      | Killed a cyclops
  6790 | D:7      | Reached skill level 5 in Shields
  6889 | D:7      | Noticed a salamander
  6902 | D:7      | Killed a salamander
  7170 | D:8      | Found Nocsof's Antique Weapon Shoppe.
  7174 | D:8      | Bought an iridescent dagger for 217 gold pieces
  7174 | D:8      | Identified the +9 dagger of Gykk {venom, rPois Stlth+} (You
                  | bought it in a shop on level 8 of the Dungeon)
  7313 | D:8      | Noticed Joseph
  7326 | D:8      | Killed Joseph
  7327 | D:8      | Reached XP level 11. HP: 60/60 MP: 12/12
  7476 | D:8      | Noticed Maggie
  7484 | D:8      | Killed Maggie
  7855 | D:9      | Reached skill level 9 in Fighting
  7868 | D:9      | Reached skill level 5 in Armour
  7956 | D:9      | Found a large runed translucent door.
  7956 | D:9      | Found a large runed translucent door.
  7974 | D:9      | Noticed a two-headed ogre
  7984 | D:9      | Killed a two-headed ogre
  8180 | D:9      | Found a runed translucent door.
  8212 | D:9      | Found a blossoming altar of Fedhas.
  8224 | D:9      | Found an opulent altar of Gozag.
  8246 | D:9      | Found a shimmering altar of Xom.
  8249 | D:9      | Found a hide-covered altar of Uskayaw.
  8391 | D:9      | Found a shimmering altar of Xom.
  8419 | D:9      | Found an ornate altar of the Wu Jian Council.
  8581 | D:9      | Found an opulent altar of Gozag.
  9008 | D:9      | Noticed a flayed ghost
  9022 | D:9      | Killed a flayed ghost
  9023 | D:9      | Reached skill level 1 in Evocations
  9059 | D:9      | Identified the staff of earth "Marghigh" {Str+3 Dex+3}
  9135 | D:9      | Found a glowing silver altar of Zin.
  9150 | D:9      | Found a shadowy altar of Dithmenos.
  9172 | D:10     | Entered Level 10 of the Dungeon
  9219 | D:10     | Reached **** piety under Trog
  9246 | D:10     | Found a flagged portal.
  9267 | Bailey   | Entered a bailey
  9372 | Bailey   | Reached skill level 10 in Fighting
  9422 | Bailey   | Noticed an orc knight
  9422 | Bailey   | Noticed an orc knight
  9685 | Bailey   | Killed an orc knight
  9889 | Bailey   | Killed an orc knight
  9935 | Bailey   | Identified the +2 tower shield of Depression {rCorr}
  9937 | Bailey   | Identified the +10 morningstar of Qaongor {pain, Str+4}
 10087 | D:10     | Found Noufemio's Assorted Antiques.
 10095 | D:10     | Bought a pair of glowing boots for 112 gold pieces
 10095 | D:10     | Bought a scroll of magic mapping for 112 gold pieces
 10233 | D:10     | Found a staircase to the Lair.
 10252 | D:10     | Noticed Snorg
 10275 | D:10     | Killed Snorg
 10276 | D:10     | Reached XP level 12. HP: 11/67 MP: 13/13
 10706 | D:10     | Found a staircase to the Orcish Mines.
 11003 | Lair:1   | Entered Level 1 of the Lair of Beasts
 11955 | Lair:2   | Noticed a skyshark
 11956 | Lair:2   | Noticed a skyshark
 11966 | Lair:2   | Killed a skyshark
 11970 | Lair:2   | Killed a skyshark
 11971 | Lair:2   | Reached skill level 5 in Evocations
 12019 | Lair:2   | Noticed Sonja
 12033 | Lair:2   | Killed Sonja
 12258 | Lair:2   | Found a hide-covered altar of Uskayaw.
 12258 | Lair:2   | Noticed a boulder beetle
 12268 | Lair:2   | Killed a boulder beetle
 12311 | Lair:2   | Found an ornate altar of the Wu Jian Council.
 12473 | Lair:2   | Reached skill level 10 in Shields
 12703 | Lair:2   | Reached ***** piety under Trog
 12982 | Lair:3   | Found a staircase to the Shoals.
 13184 | Lair:3   | Found an ancient bone altar of Kikubaaqudgha.
 13215 | Lair:3   | Reached XP level 13. HP: 72/72 MP: 14/14
 13264 | Lair:3   | Found a hole to the Spider Nest.
 14072 | Lair:4   | Reached skill level 1 in Throwing
 14679 | Lair:4   | Found a staircase to the Slime Pits.
 15111 | Lair:5   | Entered Level 5 of the Lair of Beasts
 15418 | Lair:5   | Received a gift from Trog
 15678 | Lair:5   | Reached skill level 11 in Fighting
 15789 | Lair:5   | Reached XP level 14. HP: 79/79 MP: 15/15
 16552 | Lair:5   | Reached skill level 5 in Throwing
 17334 | D:11     | Noticed a fire giant
 17362 | D:11     | Killed a fire giant
 17405 | D:11     | Noticed a stone giant
 17427 | D:11     | Noticed a frost giant
 17430 | D:11     | Killed a stone giant
 17434 | D:11     | Killed a frost giant
 17453 | D:11     | Reached skill level 12 in Fighting
 17467 | D:11     | Noticed a stone giant
 17483 | D:11     | Noticed a tengu reaver
 17493 | D:11     | Killed a stone giant
 17525 | D:11     | Received a gift from Trog
 17529 | D:11     | Killed a tengu reaver
 17567 | D:11     | Reached XP level 15. HP: 84/84 MP: 16/16
 17934 | D:11     | Reached skill level 15 in Shields
 18184 | D:12     | Noticed Kirke
 18227 | D:12     | Killed Kirke
 18360 | D:12     | Found a frozen archway.
 18375 | IceCv    | Entered an ice cave
 18960 | IceCv    | Identified the ring "Corhusch" {rElec rC+ Will+ Dex+2}
 19184 | D:12     | Found a transporter.
 19254 | D:12     | Noticed squishfish's ghost (journeyman TrMo)
 19506 | D:12     | Found a transporter.
 20770 | D:13     | Noticed a sphinx
 20774 | D:13     | a sphinx changed into a frost giant
 20774 | D:13     | Noticed a frost giant (glowing shapeshifter)
 20790 | D:13     | Killed a frost giant
 21184 | D:13     | Received a gift from Trog
 21232 | D:13     | Found a gate to the Vaults.
 21294 | D:13     | Reached XP level 16. HP: 42/83 MP: 14/17
 21501 | D:14     | Identified the +3 hat of Ackunk {rElec Str+4}
 21815 | D:14     | Noticed Jorgrun
 21835 | D:14     | Killed Jorgrun
 22540 | D:15     | Entered Level 15 of the Dungeon
 22563 | D:15     | Noticed Agnes
 22612 | D:15     | Killed Agnes
 22853 | D:15     | Found a staircase to the Depths.
 22973 | D:15     | Identified Roxanne's Compendium of Earth
 22973 | D:15     | Noticed Roxanne
 23076 | D:15     | Killed Roxanne
 23434 | D:15     | Reached skill level 13 in Fighting
 23717 | D:15     | Noticed Rupert
 23730 | D:15     | Killed Rupert
 23731 | D:15     | Reached skill level 10 in Throwing
 24004 | Orc:1    | Entered Level 1 of the Orcish Mines
 24182 | Orc:2    | Entered Level 2 of the Orcish Mines
 24243 | Orc:2    | Found Caashamp's General Store.
 24252 | Orc:2    | Found Xugah's Antique Armour Shop.
 24263 | Orc:2    | Found Rublin's Book Shoppe.
 24291 | Orc:2    | Received a gift from Trog
 24346 | Orc:2    | Found a staircase to the Elven Halls.
 24358 | Orc:2    | Found a gate leading to a gauntlet.
 24363 | Orc:2    | Found a gateway to a bazaar.
 24386 | Gauntlet | Entered a Gauntlet
 24386 | Gauntlet | Found a transporter.
 24386 | Gauntlet | Found a transporter.
 24392 | Gauntlet | Found a transporter.
 24404 | Gauntlet | Found a transporter.
 24422 | Gauntlet | Found a transporter.
 24422 | Gauntlet | Found a transporter.
 24422 | Gauntlet | Found a transporter.
 24424 | Gauntlet | Found a transporter.
 24424 | Gauntlet | Found a transporter.
 24437 | Gauntlet | Found a transporter.
 24453 | Gauntlet | Found a transporter.
 24463 | Gauntlet | Found a transporter.
 24477 | Gauntlet | Found a transporter.
 24511 | Gauntlet | Found a transporter.
 24725 | Gauntlet | Identified the +1 pair of gloves of Ashenzari's Regard {rF-
                  | rN+++ rCorr Dex+3}
 24787 | Gauntlet | Identified the +2 rapier of Evisceration {heavy, Str+3}
 24955 | Orc:2    | Noticed Maurice
 24972 | Orc:2    | Killed Maurice
 25032 | Orc:2    | Noticed Nergalle
 25047 | Orc:2    | Killed Nergalle
 25321 | Orc:2    | Found Tuefis Ybrydd's General Store.
 25526 | Orc:2    | Found Nauhur's Jewellery Boutique.
 25542 | Orc:2    | Found Kuepleap's Antique Armour Boutique.
 25682 | Orc:2    | Found Vutib's Antique Weapon Boutique.
 25774 | Orc:2    | Bought a runed dagger for 150 gold pieces
 25819 | Bazaar   | Entered a bazaar
 25819 | Bazaar   | Found Zywesoohu's Book Shoppe.
 25819 | Bazaar   | Found Cooruiw's Jewellery Shoppe.
 25819 | Bazaar   | Found Qymy's Armour Shop.
 25821 | Bazaar   | Found Guroap's Weapon Shop.
 25821 | Bazaar   | Found Amoy's Magic Scroll Emporium.
 25863 | Bazaar   | Bought 3 atropa-tipped darts for 43 gold pieces
 25872 | Bazaar   | Bought the +2 pair of slick slippers {slick, slippery,
                  | EV+4} for 574 gold pieces
 25872 | Bazaar   | Found the +2 pair of slick slippers {slick, slippery, EV+4}
 25908 | Orc:2    | Bought a runed helmet for 217 gold pieces
 26579 | Spider:1 | Entered Level 1 of the Spider Nest
 26836 | Spider:1 | Received a gift from Trog
 26929 | Spider:1 | Noticed Mlioglotl
 26945 | Spider:1 | Noticed a tentacled starspawn
 26953 | Spider:1 | Killed Mlioglotl
 26954 | Spider:1 | Reached XP level 17. HP: 96/96 MP: 18/18
 27449 | Spider:1 | Reached skill level 14 in Fighting
 28907 | Spider:2 | Identified the +3 leather armour of the Slashing Gods {rC+}
 28917 | Spider:2 | Received a gift from Trog
 29547 | Spider:2 | Identified the +3 robe of the Lair of Beasts {Harm rC+
                  | Will+ Stlth-}
 30597 | Spider:4 | Entered Level 4 of the Spider Nest
 30692 | Spider:4 | Reached skill level 1 in Stealth
 31115 | Spider:4 | Reached XP level 18. HP: 102/102 MP: 16/19
 31294 | Spider:4 | Noticed Donald
 31301 | Spider:4 | Killed Donald
 31488 | Spider:4 | Identified the +1 halberd of Welfare {spect, rElec}
 31516 | Spider:4 | Received a gift from Trog
 31760 | Spider:4 | Reached skill level 5 in Stealth
 31771 | Spider:4 | Reached skill level 15 in Fighting
 32345 | Spider:4 | Got a gossamer rune of Zot
 32562 | Shoals:1 | Entered Level 1 of the Shoals
 32661 | Shoals:1 | Reached skill level 15 in Throwing
 33190 | Shoals:1 | Received a gift from Trog
 33581 | Shoals:2 | Found Joinia's Antique Armour Emporium.
 33618 | Shoals:2 | Bought an ancient tower shield for 304 gold pieces
 33618 | Shoals:2 | Identified the +1 tower shield "Neinwoo" {Contam rElec
                  | rN+++ Stlth+} (You bought it in a shop on level 2 of the
                  | Shoals)
 33621 | Shoals:2 | Noticed Ilsuiw
 33650 | Shoals:2 | Killed Ilsuiw
 33816 | Shoals:1 | Reached XP level 19. HP: 109/109 MP: 20/20
 34152 | Shoals:2 | Received a gift from Trog
 34236 | Shoals:2 | Reached skill level 16 in Fighting
 34586 | Shoals:3 | Noticed Bai Suzhen
 34605 | Shoals:2 | Killed Bai Suzhen
 34735 | Shoals:2 | Reached XP level 20. HP: 100/115 MP: 11/21
 35039 | Shoals:3 | Found Koseicut's Merfolk Magic.
 35059 | Shoals:3 | Reached skill level 10 in Armour
 35114 | Shoals:3 | Found Koseicut's Merfolk Armours.
 35114 | Shoals:3 | Found Koseicut's Merfolk Weapons.
 35511 | Shoals:3 | Bought 4 silver javelins for 648 gold pieces
 35511 | Shoals:3 | Bought a +0 quick blade for 270 gold pieces
 35511 | Shoals:3 | Bought 3 silver javelins for 486 gold pieces
 35962 | Orc:2    | Bought a scroll of enchant weapon for 82 gold pieces
 36116 | Shoals:4 | Entered Level 4 of the Shoals
 36158 | Shoals:4 | Received a gift from Trog
 36265 | Shoals:4 | Found Fuikutel's Fabulous Fripperies.
 36632 | Shoals:4 | Received a gift from Trog
 36646 | Shoals:4 | Got a barnacled rune of Zot
 36973 | Shoals:4 | Reached skill level 17 in Fighting
 37493 | Shoals:4 | Identified the +2 sling of the Orb {elec, +Blink Will+
                  | Int+3}
 37787 | Elf:1    | Entered Level 1 of the Elven Halls
 37820 | Elf:1    | Found a radiant altar of Vehumet.
 37838 | Elf:1    | Received a gift from Trog
 37874 | Elf:1    | Reached ****** piety under Trog
 38003 | Elf:1    | Found Xaicla Guha's Distillery.
 38170 | Elf:1    | Noticed Asterion
 38204 | Elf:1    | Killed Asterion
 38213 | Elf:1    | Killed the ghostly Asterion
 38448 | Elf:1    | Identified the +4 ring mail of Laycus {SInv}
 38745 | Elf:1    | Received a gift from Trog
 38973 | Elf:2    | Found a transporter.
 38974 | Elf:2    | Found a transporter.
 38976 | Elf:2    | Found a bloodstained altar of Trog.
 38984 | Elf:2    | Noticed Dataggej's ghost (adept MiBe)
 39237 | Elf:2    | Found a huge runed translucent gate.
 39237 | Elf:2    | Found a huge runed translucent gate.
 39237 | Elf:2    | Found a huge runed translucent gate.
 39237 | Elf:2    | Found a huge runed translucent gate.
 39237 | Elf:2    | Found a huge runed translucent gate.
 39496 | Elf:2    | Reached XP level 21. HP: 123/123 MP: 22/22
 39531 | Elf:2    | Reached skill level 18 in Fighting
 39780 | Elf:2    | Received a gift from Trog
 40110 | Elf:2    | Killed Dataggej's ghost
 40117 | Elf:2    | Identified the ring "Meicawn" {Ice Slay+2 SInv}
 40279 | Elf:3    | Entered Level 3 of the Elven Halls
 40301 | Elf:3    | Found Fesut's Magic Scroll Shop.
 40344 | Elf:3    | Bought a scroll of summoning for 161 gold pieces
 40344 | Elf:3    | Bought a scroll of enchant weapon for 127 gold pieces
 40474 | Elf:3    | Noticed Mara
 40475 | Elf:3    | Noticed jejorda2's illusion
 40516 | Elf:3    | Killed Mara
 40818 | Elf:3    | Received a gift from Trog
 41102 | Elf:3    | Identified the +7 quarterstaff "Casuinep" {venom, +Blink
                  | rPois rF-}
 41314 | Elf:3    | Identified the ring "Fuklech" {rPois rF+++ rN+ Int+3
                  | Slay-3}
 41326 | Elf:3    | Identified the ring "Feibean" {Contam rN+ Str+6 SInv}
 41341 | Elf:3    | Reached skill level 19 in Fighting
 41451 | Elf:3    | Gained mutation: You are dopey. (Int -2) [mutagenic glow]
 42008 | Elf:3    | Identified the +1 ring mail of the Fletcher {Int+5}
 42020 | Elf:3    | Identified the staff of air "Fupeiv" {rElec rPois Int+6
                  | Dex-2}
 42327 | Vaults:1 | Entered Level 1 of the Vaults
 42356 | Vaults:1 | Received a gift from Trog
 42894 | Vaults:1 | Reached XP level 22. HP: 131/131 MP: 23/23
 43447 | Vaults:1 | Received a gift from Trog
 44195 | Vaults:2 | Found Kuezuja's Antique Weapon Boutique.
 44255 | Vaults:2 | Found a flickering gateway to a bazaar.
 44278 | Bazaar   | Entered a bazaar
 44284 | Bazaar   | Found Sedd's Weapon Shoppe.
 44293 | Bazaar   | Found Denuneq's Distillery.
 44318 | Bazaar   | Found Jezip's General Store.
 44331 | Bazaar   | Found Nanoiwec's Jewellery Boutique.
 44337 | Bazaar   | Bought the ring "Gebreh" {rC+ rN+ EV+5} for 542 gold pieces
 44346 | Bazaar   | Bought a scroll of enchant armour for 127 gold pieces
 44346 | Bazaar   | Bought a +0 cloak of willpower for 195 gold pieces
 44905 | Vaults:2 | Received a gift from Trog
 44915 | Vaults:2 | Noticed Aizul
 44937 | Vaults:2 | Killed Aizul
 45462 | Vaults:2 | Reached skill level 5 in Dodging
 45614 | Vaults:2 | Found Tien's Book Shop.
 45644 | Vaults:2 | Received a gift from Trog
 45739 | Vaults:2 | Found Zaxaec's Weapon Shop.
 45747 | Vaults:2 | Bought a throwing net for 63 gold pieces
 46097 | Vaults:3 | Found Kuaqub's Weapon Boutique.
 46113 | Vaults:3 | Reached skill level 20 in Fighting
 46143 | Vaults:3 | Found Borghiha's Weapon Shoppe.
 46180 | Vaults:3 | Found a crumbling gateway.
 46213 | Desolati | Entered the Desolation of Salt
 46267 | Desolati | Identified the +7 dagger of Nyfis {flame, rPois} (Trog
                  | gifted it to you in the Desolation of Salt)
 46267 | Desolati | Received a gift from Trog
 46393 | Desolati | Reached skill level 15 in Armour
 46507 | Desolati | Reached XP level 23. HP: 137/137 MP: 24/24
 46522 | Desolati | Identified the ring of Suspected Treachery {rC+ rN+ Stlth+}
 46635 | Desolati | Identified the +0 scale mail of Muoteaz {rF+ rCorr Str-2}
 46641 | Desolati | Identified the +1 shadow dragon scales "Nyofret" {rN++
                  | Stlth++++}
 46989 | Desolati | Received a gift from Trog
 47048 | Desolati | Identified the amulet of Dimm {Reflect Harm rElec rN+ Str+2
                  | SH+5}
 47052 | Desolati | Identified the ring "Sisiutau" {rPois rC+ Str+5}
 47388 | Vaults:3 | Found a staircase to the Crypt.
 47388 | Vaults:3 | Found a basalt altar of Yredelemnul.
 47389 | Vaults:3 | Found an ancient bone altar of Kikubaaqudgha.
 48196 | Vaults:3 | Received a gift from Trog
 49049 | Vaults:4 | Found a portal to a secret trove of treasure.
 49427 | Elf:3    | Bought a scroll of fear for 68 gold pieces
 49828 | Vaults:4 | You paid a toll of 6 scrolls of fear to enter a treasure
                  | trove
 49829 | Trove    | Entered a treasure trove
 49829 | Trove    | Found the ring of the Hare {EV+10}
 49835 | Trove    | Identified the amulet "Itiwaem" {Reflect -Cast rCorr Dex+4
                  | SH+5}
 49838 | Trove    | Identified the ring of Unamyuwi {+Blink Str+5 Int+6 Dex+3
                  | Stlth+}
 49842 | Trove    | Identified the ring of the Black Skies {Fly Slay+3}
 49849 | Trove    | Identified the amulet of Ofref {Reflect rElec rPois rF-
                  | SH+5}
 49857 | Trove    | Identified the ring of False Hope {rElec rPois rC+++ Will-
                  | EV+5}
 49862 | Trove    | Identified the ring of Fommossu {Fly Dex+3 SInv}
 49867 | Trove    | Identified the ring "Oceogyf" {Fly rC+ Dex+2}
 49870 | Trove    | Identified the ring "Ocsum" {rF+ rCorr Slay+2}
 50127 | Vaults:4 | Received a gift from Trog
 50279 | Vaults:4 | Reached skill level 10 in Dodging
 50339 | Vaults:4 | Identified the +1 broad axe "Owoery Edipt" {venom, rC++
                  | Str-3 Int+3 SInv}
 50789 | Vaults:5 | Entered Level 5 of the Vaults
 50829 | Vaults:5 | Noticed a golden dragon
 50838 | Vaults:5 | Identified the ring of Voim {Drain rC+ rN+ Dex+6}
 50857 | Vaults:5 | Killed a golden dragon
 50866 | Vaults:5 | Killed a ghostly golden dragon
 50887 | Vaults:5 | Reached XP level 24. HP: 132/143 MP: 24/24
 51342 | Vaults:5 | Received a gift from Trog
 51399 | Vaults:5 | Identified the +0 scimitar of Demonkind {drain, Dex+2}
 51413 | Vaults:5 | Got a silver rune of Zot
 51620 | Vaults:5 | Found Hef Sith's Magic Scroll Emporium.
 51743 | Vaults:5 | Identified the +1 great sword "Leofen Fip" {freeze, rF+}
 51892 | Vaults:5 | Received a gift from Trog
 52265 | Vaults:5 | Identified the ring "Jocoinia" {rElec rF+ Str-5 Int+5
                  | Stlth+}
 52273 | Vaults:5 | Noticed a dread lich
 52298 | Vaults:5 | Killed a dread lich
 52434 | Vaults:5 | Identified the +2 cloak "Nivik" {Harm rF+ rC++ Str-5}
 52531 | Vaults:5 | Identified the +0 flail of Puuxt {freeze, Str+2}
 52758 | Vaults:5 | Noticed a dread lich
 52778 | Vaults:5 | Killed a dread lich
 52829 | Vaults:5 | Identified the +8 falchion "Leitaari" {freeze, Drain rC++
                  | rCorr Int+3}
 53157 | D:12     | Killed squishfish's ghost
 53171 | D:12     | Gained mutation: You occasionally shout uncontrollably at
                  | your foes. [a neqoxec]
 53358 | Depths:1 | Entered Level 1 of the Depths
 53467 | Depths:1 | Identified the +0 leather armour of Gluttony {Harm rF- rC+
                  | rN+++ Int-4}
 53537 | Depths:1 | Paralysed by a floating eye for 3 turns
 53555 | Depths:1 | Found a one-way gateway to a ziggurat.
 53558 | Depths:1 | Paralysed by a floating eye for 4 turns
 53571 | Depths:1 | Gained mutation: You are occasionally teleported next to
                  | monsters. [a shining eye]
 53571 | Depths:1 | Gained mutation: You sometimes lose your temper in combat.
                  | [a shining eye]
 53573 | Depths:1 | Gained mutation: You are clumsy. (Dex -2) [a shining eye]
 54898 | Vaults:5 | Bought a scroll of enchant armour for 105 gold pieces
 55266 | Orc:2    | Bought a scroll of enchant armour for 90 gold pieces
 56104 | Depths:1 | You fall into a shaft and drop 1 floor!
 56143 | Depths:2 | Noticed a caustic shrike
 56152 | Depths:2 | Killed a caustic shrike
 56219 | Depths:2 | Received a gift from Trog
 56277 | Depths:2 | Noticed a juggernaut
 56287 | Depths:2 | Killed a juggernaut
 56462 | Depths:1 | Reached XP level 25. HP: 148/148 MP: 24/24
 56978 | Depths:1 | Found a gateway to Hell.
 57221 | Depths:1 | Lost mutation: You occasionally shout uncontrollably at
                  | your foes. [potion of mutation]
 57221 | Depths:1 | Lost mutation: You are clumsy. (Dex -2) [potion of
                  | mutation]
 57221 | Depths:1 | Lost mutation: You sometimes lose your temper in combat.
                  | [potion of mutation]
 57221 | Depths:1 | Gained mutation: You have a pair of small horns on your
                  | head. [potion of mutation]
 57221 | Depths:1 | Gained mutation: Your muscles are strong. (Str +4, Int/Dex
                  | -1) [potion of mutation]
 57222 | Depths:1 | Lost mutation: You have a pair of small horns on your head.
                  | [potion of mutation]
 57222 | Depths:1 | Lost mutation: Your muscles are strong. (Str +4, Int/Dex
                  | -1) [potion of mutation]
 57222 | Depths:1 | Lost mutation: You are occasionally teleported next to
                  | monsters. [potion of mutation]
 57222 | Depths:1 | Gained mutation: Your magical capacity is low. (-10% MP)
                  | [potion of mutation]
 57222 | Depths:1 | Gained mutation: You are vulnerable to cold. (rC-) [potion
                  | of mutation]
 57222 | Depths:1 | Gained mutation: You sometimes lose your temper in combat.
                  | [potion of mutation]
 57222 | Depths:1 | Gained mutation: You are strong-willed. (Will+) [potion of
                  | mutation]
 57223 | Depths:1 | Lost mutation: You are dopey. (Int -2) [potion of mutation]
 57223 | Depths:1 | Lost mutation: Your magical capacity is low. (-10% MP)
                  | [potion of mutation]
 57223 | Depths:1 | Lost mutation: You are strong-willed. (Will+) [potion of
                  | mutation]
 57223 | Depths:1 | Gained mutation: Your body sometimes deteriorates upon
                  | taking damage. [potion of mutation]
 57223 | Depths:1 | Lost mutation: You sometimes lose your temper in combat.
                  | [potion of mutation]
 57223 | Depths:1 | Gained mutation: Your mind is acute. (Int +4, Str/Dex -1)
                  | [potion of mutation]
 57224 | Depths:1 | Lost mutation: You are vulnerable to cold. (rC-) [potion of
                  | mutation]
 57224 | Depths:1 | Lost mutation: Your mind is acute. (Int +4, Str/Dex -1)
                  | [potion of mutation]
 57224 | Depths:1 | Lost mutation: Your body sometimes deteriorates upon taking
                  | damage. [potion of mutation]
 57224 | Depths:1 | Gained mutation: You have a pair of small horns on your
                  | head. [potion of mutation]
 57298 | Depths:2 | Found a one-way gate to the infinite horrors of the Abyss.
 57433 | Depths:2 | Identified the +5 ring mail of Qana {rN+}
 57442 | Depths:2 | Identified the +5 quarterstaff of Demand {freeze, rC-
                  | Will++ rCorr Str+2}
 57823 | Depths:2 | Found a one-way gate leading to the halls of Pandemonium.
 58134 | Depths:3 | Received a gift from Trog
 58615 | Depths:3 | Found a basalt altar of Yredelemnul.
 58826 | Depths:3 | Noticed a juggernaut
 58841 | Depths:3 | Killed a juggernaut
 58926 | Depths:3 | Noticed Parghit
 58938 | Depths:3 | Killed Parghit
 58983 | Depths:3 | Received a gift from Trog
 59331 | Depths:4 | Entered Level 4 of the Depths
 59570 | Depths:4 | Found Noregach's Book Shop.
 59797 | Depths:4 | Identified the +0 leather armour "Kousch" {Rampage rF+
                  | Regen+}
 59894 | Depths:4 | Reached XP level 26. HP: 153/153 MP: 24/24
 59945 | Depths:4 | Found a gate to the Realm of Zot.
 59949 | Depths:4 | Received a gift from Trog
 60026 | Depths:4 | Noticed Saint Roka
 60059 | Depths:4 | Killed Saint Roka
 60275 | Depths:4 | Found Boitt's Neck Hole.
 60656 | Depths:3 | Identified the +3 quarterstaff of Prudence {venom, Str+6}
 60697 | Zot:1    | Entered Level 1 of the Realm of Zot
 61033 | Vaults:3 | Bought 5 silver javelins for 765 gold pieces
 62142 | Zot:1    | Received a gift from Trog
 62436 | Zot:1    | Identified the +5 scale mail "Hiojogie" {*Corrode Will++}
 62546 | Zot:1    | Gained mutation: You sometimes lose your temper in combat.
                  | [mutagenic glow]
 62563 | Zot:1    | Reached skill level 21 in Fighting
 62583 | Zot:1    | Gained mutation: You are weak. (Str -2) [mutagenic glow]
 62595 | Zot:1    | Gained mutation: Your body sometimes deteriorates upon
                  | taking damage. [mutagenic glow]
 62733 | Zot:1    | Lost mutation: You sometimes lose your temper in combat.
                  | [potion of mutation]
 62733 | Zot:1    | Lost mutation: You have a pair of small horns on your head.
                  | [potion of mutation]
 62733 | Zot:1    | Lost mutation: Your body sometimes deteriorates upon taking
                  | damage. [potion of mutation]
 62733 | Zot:1    | Gained mutation: You have hidden genetic potential. [potion
                  | of mutation]
 62734 | Zot:1    | Lost mutation: You are weak. (Str -2) [potion of mutation]
 62734 | Zot:1    | Lost mutation: You have hidden genetic potential. [potion
                  | of mutation]
 62734 | Zot:1    | Gained mutation: You are agile. (Dex +4, Str/Int -1)
                  | [potion of mutation]
 62734 | Zot:1    | Gained mutation: You are covered in fur. (AC +1) [potion of
                  | mutation]
 62734 | Zot:1    | Gained mutation: You possess an exceptional clarity of
                  | mind. [potion of mutation]
 63279 | Elf:1    | Bought a potion of invisibility for 96 gold pieces
 63279 | Elf:1    | Bought a potion of haste for 120 gold pieces
 63279 | Elf:1    | Bought a potion of haste for 120 gold pieces
 63279 | Elf:1    | Bought a potion of mutation for 96 gold pieces
 63700 | Zot:2    | Noticed Vv
 63724 | Zot:2    | Killed Vv
 64650 | Zot:3    | Received a gift from Trog
 65987 | Zot:4    | Found a runed translucent gate.
 65988 | Zot:4    | Found a runed translucent gate.
 65988 | Zot:4    | Found a runed translucent gate.
 65989 | Zot:4    | Noticed an ancient lich
 65989 | Zot:4    | Noticed Cyqimiab's ghost (legendary MfGl)
 65990 | Zot:4    | Noticed a dread lich
 66011 | Zot:4    | Reached skill level 10 in Evocations
 66132 | Zot:4    | Reached XP level 27. HP: 161/161 MP: 24/24
 66559 | Zot:4    | Received a gift from Trog
 66632 | Zot:4    | Reached skill level 22 in Fighting
 66790 | Zot:4    | Found a transporter.
 66795 | Zot:4    | Identified the ring "Sasmum Yppu" {Ice rPois Dex+4}
 66803 | Zot:4    | Found a transporter.
 66913 | Zot:4    | Identified the +1 pair of gloves of the Blessed Realm {rC+
                  | Str+2 Int+4 Dex+2}
 67101 | Zot:5    | Entered Level 5 of the Realm of Zot
 67133 | Zot:5    | Noticed an orb of fire
 67148 | Zot:5    | Killed an orb of fire
 67211 | Zot:5    | Noticed an ancient lich
 67225 | Zot:5    | Killed an ancient lich
 67235 | Zot:5    | Noticed an orb of fire
 67241 | Zot:5    | Noticed an orb of fire
 67242 | Zot:5    | Noticed an orb of fire
 67242 | Zot:5    | Noticed an ancient lich
 67252 | Zot:5    | Gained mutation: You are occasionally teleported next to
                  | monsters. [an orb of fire]
 67257 | Zot:5    | Noticed an orb of fire
 67257 | Zot:5    | Noticed a dread lich
 67257 | Zot:5    | Noticed an orb of fire
 67257 | Zot:5    | Gained mutation: You occasionally lose the ability to read
                  | scrolls when taking damage. [an orb of fire]
 67257 | Zot:5    | Noticed an orb of fire
 67258 | Zot:5    | Killed from afar by a Killer Klown

Illustrated notes

Levels and vault maps discovered:
D:1:      nagdon_arrival_double_spiral, layout_loops_ring, due_unseen_surprise
D:2:      layout_loops_corners, st_stairs_11, uniq_jessica, uniq_natasha
D:3:      minmay_chambers_of_threes, layout_basic
D:4:      layout_basic, minmay_temple_entry_stoned_glass, gammafunk_ghost_grave,
          minivault_19, uniq_duvessa, uniq_ijyb
D:5:      layout_rooms, nicolae_sif_muna_condensation
D:6:      layout_basic
D:7:      minmay_klotski, layout_rooms, old_standard_altar
D:8:      layout_gridville, serial_shops, nicolae_shop_crystal, uniq_maggie,
          uniq_erica, uniq_joseph
D:9:      due_megacathedral, layout_stronghold, jmf_multi_god_temple2,
          grunt_gozag_breadcrumbs
D:10:     layout_long_grid, erik_lair_orcish_takeover, erik_orc_1, serial_shops,
          shop, enter_bailey_4, uniq_snorg
D:11:     minmay_complete_graph, layout_loops_ring
D:12:     layout_loops_cross, serial_ice, serial_ice_h, serial_ice_b,
          serial_ice_o, serial_ice_j, portal_ice_cave_entry_pillars_2,
          gammafunk_ghost_stat_death, abandoned_shop, uniq_kirke
D:13:     nzn_winding_woodlands_stair_trap [nzn_winding_woodlands_5x15_zeroes,
          nzn_winding_woodlands_5x15_split_checker,
          nzn_winding_woodlands_5x15_sawtooth,
          nzn_winding_woodlands_15x15_thick_spiral,
          nzn_winding_woodlands_5x15_pool, nzn_winding_woodlands_5x15_cabin,
          nzn_winding_woodlands_5x15_sidewinder], layout_gridville,
          grunt_vaults_entry_tiered
D:14:     layout_cave_pods, chequers_arboretum, uniq_jorgrun
D:15:     hangedman_depths_entry_try_elsewhere_first, layout_loops_cross,
          chequers_serial_rivers_small_a, minmay_misc_feat_plants, uniq_roxanne,
          uniq_agnes, uniq_rupert
Lair:1:   layout_loops_ring
Lair:2:   beargit_carnivore_pack, layout_cave_pods,
          nzn_masters_of_martial_movement, uniq_sonja
Lair:3:   layout_roguey, nicolae_shoals_entry_flooding, spider_nest_entry_webs,
          basic_altar, nicolae_quartered_pool_little
Lair:4:   layout_regular_city, dpeg_slime_entry_corner
Lair:5:   minmay_lair_end_enchanted_forest, layout_regular_city
Shoals:1: layout_shoals, overgrown_statue
Shoals:2: layout_shoals, serial_shops, shop, uniq_ilsuiw
Shoals:3: nicolae_shoals_mermall, layout_shoals, uniq_bai_suzhen
Shoals:4: shoals_end_simple, layout_shoals, shoal_ilsuiw, nicolae_alphabet_shops
Spider:1: layout_cave_pods, uniq_mlioglotl
Spider:2: layout_spider_delve, hellmonk_motheaten_closet,
          hangedman_spider_tarantella_strand
Spider:3: layout_spider_delve, drop_trap
Spider:4: grunt_spider_rune_parallel, uniq_donald
Orc:1:    layout_caves, basic_altar
Orc:2:    grunt_orc_cross, layout_diamond_mine, serial_shops, statue_bzr,
          nicolae_square_shop, nicolae_shop_behind_doors, shop,
          gauntlet_entry_generic, uniq_maurice
Elf:1:    eino_elf_arrival_altar, layout_loops_ring, serial_shops, shop,
          minmay_elf_demonology, uniq_asterion
Elf:2:    elven_hall_of_blades_hangedman_alternative [nicolae_blade_bullseye],
          layout_loops_ring, gammafunk_ghost_wrathful_warriors,
          hangedman_elven_pyramids
Elf:3:    grunt_elf_hall_branching, layout_geoelf_castle, serial_shops,
          nicolae_square_shop, minmay_fountain_box, uniq_mara
Vaults:1: st_quartered_hall, nicolae_vaults_windows_and_doors_thing,
          nicolae_vaults_network_barrier, ontoclasm_vaults_decontamination,
          vaults_standard_mumra_lines, vaults_standard_mumra_x,
          vaults_dpeg_diagonal, nicolae_vaults_surprise_closet, v_misc_19,
          nicolae_vaults_tetromino_Z_1, ontoclasm_vaults_gateway,
          nicolae_vaults_surprise_closet, layout_vaults_big_room
Vaults:2: vaults_room_grunt_arrival_checkpoint, nicolae_vaults_spaceships,
          v_pattern_5, hangedman_vaults_stagger, vaults_mumra_hexcomb,
          nicolae_vaults_tetromino_L_2, nicolae_vaults_ellipses_ellipsis,
          vaults_dpeg_spiral, v_misc_19, nicolae_vaults_shipping_containers_7,
          v_misc_25, layout_vaults_omnibox, serial_shops, bzr_entry_water,
          nicolae_shop_bloodbath_and_beyond, shop, shop, uniq_aizul
Vaults:3: portal_desolation_entry_twin_temple, minmay_crypt_entry_necro_gods,
          vaults_dpeg_hooks, nicolae_vaults_specimen_jars,
          hangedman_vaults_snaps, grunt_vaults_twisty,
          nicolae_vaults_twisting_passages,
          nicolae_vaults_taking_the_gang_shopping,
          nicolae_vaults_yaktaur_gun_rack, nicolae_vaults_ninety_degrees,
          vaults_room_semicircle, vaults_room_large_hall,
          nicolae_vaults_trapezoid_3, layout_vaults_ring, serial_shops, shop
Vaults:4: hangedman_vaults_locks, v_misc_11, nicolae_vaults_more_shelving_1,
          nicolae_vaults_heart-shaped_vault, nicolae_vaults_tetromino_L_1,
          nicolae_vaults_shelves_hall, nicolae_vaults_security_offices_5,
          vaults_dpeg_encased_lava, nicolae_vaults_trapezoid_lopsided_2,
          v_misc_16, nicolae_vaults_diamond_1, layout_vaults_quadrants,
          enter_trove_1
Vaults:5: serial_shops
Depths:1: layout_long_grid, enter_ziggurat_c, roderic_lattice_octagonal_star,
          grunt_hell_entry_dis_grunt, nicolae_lava_and_water,
          kennysheep_generic_room_8
Depths:2: minmay_strange_plus, layout_cross, hangedman_tar_grid_catacomb,
          rand_demon_pan_entry_1, hangedman_abyss_entry_splay
Depths:3: hangedman_cross_veins, layout_cave_pools, abyss_entry, hellmouth_1,
          st_stairs_3, yredelemnul_forgotten_temple_becter, firewood_loft,
          infiniplex_staircase_zigzag_3, uniq_parghit
Depths:4: evilmike_zot_entry_diamond, layout_cave_shapes, pf_coc_iceberg,
          abyss_entry, serial_shops, nicolae_square_shop,
          nicolae_shop_sticking_my_neck_out, serial_bayou_shore_b,
          uniq_saint_roka
Zot:1:    layout_cellular_growth, hangedman_spider_trapstep, grunt_megastairs_3
Zot:2:    layout_basic, grunt_ministairs_1, uniq_vv
Zot:3:    layout_cathedral_of_symmetry, grunt_megastairs_1
Zot:4:    gammafunk_sealed_arena, layout_twisted_circle,
          gammafunk_ghost_necromancy
Zot:5:    layout_basic, grunt_ministairs_2

Skill      XL: |  1  2  3  4  5  6  7  8  9 10 11 12 13 14 15 16 17 18 19 20 21 22 23 24 25 26 27 |
---------------+----------------------------------------------------------------------------------+-----
Short Blades   | 3 4 5 6 7 9 10 | 10.0
Fighting       | 3 4 5 7 8 10 11 12 13 14 15 16 17 19 20 21 22 | 22.3
Shields        | 3 6 7 10 12 14 16 17 18 20 | 20.0
Armour         | 2 4 6 9 12 14 15 18 20 | 20.0
Evocations     | 3 6 7 10 11 | 11.6
Throwing       | 3 6 7 11 14 16 | 16.0
Stealth        | 3 6 |  6.0
Dodging        | 2 6 11 12 | 12.0

Action                     |  1- 3 |  4- 6 |  7- 9 | 10-12 | 13-15 | 16-18 | 19-21 | 22-24 | 25-27 || total
---------------------------+-------+-------+-------+-------+-------+-------+-------+-------+-------++-------
  Melee: Dagger            |   101 |   148 |   360 |  1086 |  2310 |  1672 |       |       |       ||  5677
         Short sword       |     7 |       |       |       |       |       |       |       |       ||     7
         Bite              |    21 |    34 |   114 |   419 |  1037 |  1186 |   801 |  1630 |  1174 ||  6416
         Punch             |     1 |     1 |       |       |       |       |       |       |       ||     2
         Quick blade       |       |       |       |       |       |   836 |  1789 |  2758 |  1922 ||  7305
         Headbutt          |       |       |       |       |       |       |       |       |   462 ||   462
  Throw: Dart              |       |     4 |     8 |    27 |    44 |   115 |     4 |     3 |     8 ||   213
         Boomerang         |       |       |       |       |       |   108 |    79 |    82 |    55 ||   324
         Stone             |       |       |       |       |       |     1 |       |       |       ||     1
         Javelin           |       |       |       |       |       |     6 |    34 |    40 |    37 ||   117
 Invoke: Berserk           |     4 |     5 |    11 |    21 |    12 |    22 |    14 |    12 |     8 ||   109
         Trog's Hand       |       |     1 |     2 |     2 |     9 |     6 |     4 |     5 |     4 ||    33
         Brothers in Arms  |       |       |       |     1 |     4 |       |     3 |     4 |     2 ||    14
  Evoke: Wand              |       |       |     5 |    19 |    36 |     1 |       |     1 |     1 ||    63
         Lightning rod     |       |       |       |       |       |     4 |     2 |       |       ||     6
         Condenser vane    |       |       |       |       |       |     1 |       |     1 |       ||     2
    Use: Scroll            |       |       |    22 |     6 |     3 |    12 |    15 |    12 |     9 ||    79
         Potion            |       |       |       |       |     1 |     2 |     6 |     1 |     7 ||    17
   Stab: Distracted        |       |       |       |     1 |     1 |       |     2 |     1 |     1 ||     6
         Confused          |       |       |       |     1 |       |     1 |       |       |     1 ||     3
         Invisible         |       |       |       |       |       |       |     4 |       |     2 ||     6
         Held in net/web   |       |       |       |       |       |       |       |       |     2 ||     2
 Armour: Ring mail         |    29 |    43 |       |       |       |       |       |       |       ||    72
         Animal skin       |     1 |       |       |       |       |       |       |       |       ||     1
         Chain mail        |       |     8 |    80 |   144 |       |       |       |       |       ||   232
         Crystal plate arm |       |       |       |    99 |   496 |   507 |   336 |   437 |       ||  1875
         Gold dragon scale |       |       |       |       |       |       |       |    30 |   335 ||   365
  Dodge: Dodged            |    45 |    72 |    56 |   157 |   144 |   363 |   209 |   347 |   386 ||  1779
  Block: Buckler           |       |       |    22 |    82 |       |       |       |       |       ||   104
         Tower shield      |       |       |       |   209 |  1226 |  1448 |   901 |  1314 |   919 ||  6017
